Description

From harstem's 3-gate dt drop video plus tweaks from guitarking

VOD

https://www.youtube.com/watch?v=0Hw_YvZ_cB4

Replay - Harstem 3-gate DT drop (guitarking tweaks)

Build Order

Get SALT Encoding   

  12  0:00  Probe  
  13  0:12  Probe  
  14  0:17  Pylon  
  14  0:24  Probe (Chrono Boost)  
  15  0:36  Gateway, Probe (Chrono Boost)  
  16  0:45  Probe (Chrono Boost)  
  16  0:46  Assimilator  
  17  0:51  Probe  
  18  1:03  Probe  
  19  1:15  Probe  
  20  1:24  Cybernetics Core  
  20  1:32  Nexus  
  20  1:35  Probe  
  21  1:42  Pylon  
  21  1:50  Assimilator  
  21  1:54  Probe  
  22  1:59  Adept (Chrono Boost)  
  22  2:02  Warp Gate  
  22  2:06  Probe  
  25  2:19  Probe  
  26  2:25  Twilight Council  
  26  2:29  Adept  
  28  2:31  Probe (Chrono Boost)  
  29  2:43  Probe x2 (Chrono Boost)  
  30  2:50  Gateway  
  32  2:52  Probe x2 (Chrono Boost)  
  32  2:58  Probe x2 (Chrono Boost)  
  34  3:01  Robotics Facility  
  35  3:10  Probe x2  
  36  3:16  Dark Shrine  
  37  3:22  Probe x2  
  37  3:24  Gateway  
  39  3:34  Probe x2  
  39  3:37  Pylon  
  41  3:44  Warp Prism (Chrono Boost)  Send across map
  41  3:46  Probe  
  44  3:50  Adept  
  44  3:54  Pylon  
  46  3:55  Probe x2  
  48  4:07  Probe x2  
  49  4:17  Nexus  
  49  4:19  Pylon  
  49  4:22  Probe, Assimilator  
  51  4:32  Dark Templar x3  One to the nat, one to tech, one to the main
  57  4:39  Probe x2  
  57  4:44  Charge (Chrono Boost)  
  59  4:51  Probe x2  
  60  4:54  Gateway  
  61  5:01  Gateway  
  61  5:03  Probe x2  
  61  5:07  Forge, Pylon  
  63  5:08  Shield Battery  
  63  5:15  Probe x2  
  65  5:26  Dark Templar  
  65  5:27  Probe, Observer  
  69  5:33  Protoss Ground Weapons Level 1 (Chrono Boost)  
  69  5:35  Gateway x3  
  69  5:37  Probe x2  
  71  5:45  Probe  
  71  5:46  Pylon  
  72  5:50  Archon x2, Zealot x3  use these for archon drops
  72  5:53  Pylon  
  72  5:55  Probe x3  
  81  6:05  Pylon  
  81  6:06  Dark Templar x2  
  81  6:09  Archon  
  81  6:11  Zealot x3  
  91  6:38  Dark Templar x2  
  91  6:39  Zealot x6  
  107  6:42  Archon  
  107  6:43  Probe x2  
  107  6:45  Pylon x2  
  109  6:59  Zealot  
  111  7:05  Zealot x5  
  121  7:10  Forge  
  121  7:14  Probe  
  122  7:15  Robotics Bay  
  122  7:18  Robotics Facility  
  122  7:27  Probe, Assimilator x2  
  123  7:35  Nexus  
  123  7:36  Pylon x2  
  123  7:37  Gateway x2  
  123  7:40  Protoss Ground Weapons Level 2 (Chrono Boost), Protoss Ground Armor Level 1 (Chrono Boost)  
  123  7:43  Pylon  
  123  7:50  Probe  
  124  7:53  Pylon  
  124  8:00  Shield Battery x2  
  124  8:02  Probe  
  124  8:03  Photon Cannon x2  
  124  8:04  Extended Thermal Lance (Chrono Boost)  
  125  8:09  Colossus (Chrono Boost)  
  131  8:20  Probe x3  
  131  8:25  Shield Battery  
  131  8:26  Colossus (Chrono Boost)  
  140  8:27  Photon Cannon x2  
  140  8:32  Probe x2  
  142  8:43  Probe x2  
  142  8:45  Colossus (Chrono Boost)  
  150  8:50  Sentry x2  
  150  8:53  Probe x3  
  156  8:58  Probe, Assimilator x2  
  158  9:05  Probe x2  
  160  9:14  Disruptor (Chrono Boost)  
  160  9:15  Sentry  
  162  9:19  Zealot x7  
  162  9:23  Pylon x3  
  179  9:30  Pylon  
  179  9:35  Pylon  
  179  9:44  Nexus  
  182  9:54  Disruptor x2 (Chrono Boost)  
Spawning Tool Build Advisor. Get it on Overwolf

Go to:

Details

  • Created by: casi
  • Published on: Aug 25, 2021
  • Modified on: Aug 25, 2021
  • Patch: 4.11.0
  • Difficulty: Medium
Show
View Real Time Build Order
Export as new Build Order

Comments (0)

There are no comments. Be the first!

Create an account to comment!